 Dungeon Crawl Stone Soup version 0.22-a0-825-ga28c36f (webtiles) character file.

86 jjfam the Skirmisher (level 4, -1/41 HPs)
             Began as a Hill Orc Fighter on July 24, 2018.
             Slain by a kobold
             ... wielding a +0 war axe
              (10 damage)
             ... on level 2 of the Dungeon.
             The game lasted 00:03:18 (927 turns).

jjfam the Skirmisher (Hill Orc Fighter)              Turns: 927, Time: 00:03:19

Health: -1/41      AC:  7    Str: 19    XL:     4   Next: 50%
Magic:  4/4        EV:  7    Int:  8    God:
Gold:   87         SH:  9    Dex: 10    Spells: 3/3 levels left

rFire    + . .     SeeInvis .   h - +2 dagger (venom)
rCold    x . .     Gourm    .   c - +0 shield
rNeg     . . .     Faith    .   b - +0 scale mail
rPois    .         Spirit   .   (no helmet)
rElec    .         Reflect  .   (no cloak)
rCorr    .         Harm     .   (no gloves)
MR       .....                  (no boots)
Stlth    ..........             (no amulet)
HPRegen  0.13/turn              e - ring of fire
MPRegen  0.09/turn              (no ring)

@: lethally poisoned (-1 -> -4)
A: no striking features
a: no special abilities


You were on level 2 of the Dungeon.
You were not hungry.

You visited 1 branch of the dungeon, and saw 2 of its levels.

You collected 87 gold pieces.

Inventory:

Hand Weapons
 a - a +0 war axe
 h - a +2 dagger of venom (weapon)
Armour
 b - a +0 scale mail (worn)
 c - a +0 shield (worn)
Jewellery
 e - a ring of fire (left hand)
Scrolls
 g - 3 scrolls of identify {unknown}
 j - a scroll of noise {unknown}
Potions
 d - a potion of might
 i - a potion of haste {unknown}
 k - 2 potions of invisibility {unknown}
Comestibles
 f - 3 rations
 l - 9 chunks of flesh


   Skills:
 + Level 4.3 Fighting
 + Level 1.6 Short Blades
 - Level 2.8 Axes
 + Level 4.0 Armour
 + Level 4.0 Shields


You had 3 spell levels left.
You didn't know any spells.
Your spell library was empty.

Dungeon Overview and Level Annotations

Branches:
Dungeon (2/15)

Altars:


Message History

You see here a jackal corpse.
You butcher the jackal corpse.
You feel sick.
l - 9 chunks of flesh (gained 1)
A kobold comes into view. It is wielding a war axe.
You feel sick.
The kobold shouts!
You hear a shout!
You feel sick.
You see here a jackal corpse.
You butcher the jackal corpse.
Things that are here:
3 chunks of flesh; a jackal skeleton You feel sick.
You block the kobold's attack.
You barely miss the kobold. The kobold hits you with a war axe.
You completely miss the kobold. The kobold hits you with a war axe.
* * * LOW HITPOINT WARNING * * *
Your shield and scale mail prevent you from hitting the kobold.
You feel sick.
You hit the kobold but do no damage.
The kobold is poisoned.
The kobold hits you with a war axe!
You die...

#.#..# ##.##.##.#
#)#..######.###..
#.#..........)...
#..#####.#
.....#.#.....
#........#>....
#...####
#.#####........
###.# #.#######
#.# #%# #.# #@#
#.# #K# ..# #.#
... #.# ... #..
##. . ##


You could see a kobold.

Vanquished Creatures
  A water moccasin skeleton (D:2)
  An adder (D:2)
  A dart slug (D:1)
  2 leopard geckos
  3 orcs (D:2)
  A giant cockroach (D:1)
  2 hobgoblins
  5 jackals
  A bat (D:1)
  2 goblins (D:2)
  A kobold (D:1)
  5 rats
25 creatures vanquished.

Notes
Turn   | Place    | Note
-------+----------+-------------------------------------------
     0 | D:1      | jjfam the Hill Orc Fighter began the quest for the Orb.
     0 | D:1      | Reached XP level 1. HP: 19/19 MP: 1/1
    74 | D:1      | Reached XP level 2. HP: 26/27 MP: 2/2
   706 | D:2      | Reached skill level 1 in Short Blades
   706 | D:2      | Reached XP level 3. HP: 23/33 MP: 3/3
   706 | D:2      | Reached XP level 4. HP: 28/40 MP: 4/4
   927 | D:2      | Slain by a kobold

Vault maps used:
D:1:      dpeg_arrival_court
D:2:      minmay_wonky_spiral, nicolae_overflow_hidden_temple,
          nicolae_dithmenos_shadow_blocks, first_ration,
          guppyfry_early_orc_mine, uniq_crazy_yiuf_cottage

Skill      XL: |  1  2  3  4 |
---------------+-------------+-----
Fighting       | 4 |  4.3
Short Blades   | 1 |  1.6
Armour         | 4 |  4.0
Shields        | 4 |  4.0
Axes           | |  2.8

Action                   |  1- 3 |  4- 6 || total
-------------------------+-------+-------++-------
Melee: Dagger            |    39 |    44 ||    83
       War axe           |     2 |       ||     2
Armor: Scale mail        |    13 |    18 ||    31
Dodge: Dodged            |    12 |    14 ||    26
Block: Shield            |    21 |    20 ||    41

Table legend:
 A = Spawn XP
 B = Non-spawn XP
 C = Spawn XP percentage of total XP
 D = Spawn monster count
 E = Non-spawn monster count
 F = Spawn count percentage of total count
 G = Total turns spent on level
                    A         B        C        D         E        F      G
               +---------+---------+-------+---------+---------+-------+---------
         Total |       0 |     124 |   0.0 |       0 |      25 |   0.0 |   927
               +---------+---------+-------+---------+---------+-------+---------
           D:1 |       0 |      21 |   0.0 |       0 |      12 |   0.0 |   687
           D:2 |       0 |     103 |   0.0 |       0 |      13 |   0.0 |   240
               +---------+---------+-------+---------+---------+-------+---------
